 Dungeon Crawl Stone Soup version 0.28-a0-631-g0446da8ef9 (webtiles) character file.

Game seed: 15279215071273059237

669 orcwave the Ducker (level 7, -5/59 HPs)
             Began as a Minotaur Gladiator on Oct 4, 2021.
             Was a Plaything of Xom.
             Slain by a sixfirhy (10 damage)
             ... summoned by Xom
             ... on level 5 of the Dungeon on Oct 9, 2021.
             The game lasted 00:26:45 (2483 turns).

orcwave the Ducker (Minotaur Gladiator)             Turns: 2483, Time: 00:26:46

Health: -5/59      AC: 14    Str: 20    XL:     7   Next: 32%
Magic:  6/6        EV: 11    Int:  5    God:    Xom [.*....]
Gold:   205        SH:  0    Dex: 12    Spells: 6/6 levels left

rFire   . . .      SeeInvis +   h - +3 mace
rCold   . . .      Faith    +   (no shield)
rNeg    . . .      Spirit   .   p - +3 scale mail
rPois   .          Reflect  .   c - +0 hat
rElec   .          Harm     .   (no cloak)
rCorr   .          Rampage  .   r - +2 pair of gloves {archery}
Will    .....                   j - +0 pair of boots
Stlth   ..........              k - amulet of faith
HPRegen 0.19/turn               f - ring of see invisible
MPRegen 0.10/turn               (no ring)

@: no status effects
A: horns 2, retaliatory headbutt
a: Renounce Religion


You were on level 5 of the Dungeon.
You worshipped Xom.
You were a plaything of Xom.
You visited 1 branch of the dungeon, and saw 5 of its levels.

You collected 205 gold pieces.

Inventory:

Hand Weapons
 h - a +3 mace (weapon)
Missiles
 d - 5 throwing nets (quivered)
Armour
 c - a +0 hat (worn)
 j - a +0 pair of boots (worn)
 p - a +3 scale mail (worn)
 r - a +2 pair of gloves of archery (worn)
Jewellery
 f - a ring of see invisible (left hand)
 k - an amulet of faith (around neck)
Wands
 w - a wand of flame (5)
 x - a wand of acid (10)
Scrolls
 a - a scroll of enchant armour {unknown}
 q - a scroll of teleportation
 t - a scroll of immolation {unknown}
 u - a scroll of noise {unknown}
 v - a scroll of silence {unknown}
 y - a scroll of fog
Potions
 b - 2 potions of magic
 e - 3 potions of haste {unknown}
 g - a potion of ambrosia {unknown}
 i - a potion of attraction {unknown}
 l - 3 potions of mutation {unknown}
 m - a potion of brilliance {unknown}
 n - a potion of flight {unknown}
 o - 3 potions of curing {unknown}
 s - a potion of degeneration {unknown}


   Skills:
 + Level 4.2 Fighting
 + Level 4.7(5.8) Axes
 + Level 4.9(5.9) Maces & Flails
 + Level 2.0 Throwing
 + Level 4.5 Armour
 + Level 4.9 Dodging
 + Level 0.8 Stealth


You had 6 spell levels left.
You didn't know any spells.
Your spell library contained the following spells:

 Spells                   Type           Power      Damage    Failure   Level
 Pain                     Necr           0%         1d4       82%         1
 Corpse Rot               Necr/Air       N/A        N/A       91%         2
 Ensorcelled Hibernation  Hex/Ice        0%         N/A       91%         2
 Sublimation of Blood     Necr           0%         N/A       91%         2
 Wereblood                Tmut           0%         N/A       91%         2
 Spider Form              Tmut/Pois      0%         N/A       99%         3
 Dispel Undead            Necr           0%         3d6       100%        4
 Agony                    Necr           0%         N/A       100%        5
 Excruciating Wounds      Necr           0%         N/A       100%        5
 Death Channel            Necr           0%         N/A       100%        6
 Summon Hydra             Summ           0%         N/A       100%        7


Dungeon Overview and Level Annotations

Branches:
Dungeon (5/15)
 Temple: D:4-7

Altars:
Hepliaklqana
Kikubaaqudgha
Wu Jian
Xom


Innate Abilities, Weirdness & Mutations

You have a pair of horns on your head.
You reflexively headbutt those who attack you in melee.


Message History

The unseen horror is heavily wounded.
The unseen horror closely misses you. You furiously retaliate!
You headbutt the unseen horror, but do no damage.
The sixfirhy hits you but does no damage.
The shadow imp closely misses you.
You hit the shadow imp.
The shadow imp is heavily wounded.
The sixfirhy hits you! The sixfirhy shocks you! The sixfirhy hits you.
The sixfirhy shocks you!
The sixfirhy hits you but does no damage.
The unseen horror barely misses you. The sixfirhy barely misses you.
The shadow imp hits you but does no damage.
You hit the shadow imp.
The shadow imp is severely wounded.
The sixfirhy hits you but does no damage. x2
The unseen horror barely misses you. You furiously retaliate!
You headbutt the unseen horror! The iron imp barely misses you.
The shadow imp hits you but does no damage.
You hit the shadow imp but do no damage.
The shadow imp is severely wounded.
The unseen horror barely misses you.
The shadow imp hits you but does no damage.
The iron imp closely misses you.
You barely miss the shadow imp.
The shadow imp is severely wounded.
You are now a plaything of Xom.
The sixfirhy completely misses you. The sixfirhy misses you.
The shadow imp closely misses you.
The iron imp hits you but does no damage.
The unseen horror misses you.
You hit the shadow imp.
The shadow imp is almost dead.
The sixfirhy hits you but does no damage.
The sixfirhy hits you. The sixfirhy shocks you! The unseen horror hits you!
* * * LOW HITPOINT WARNING * * *
The sixfirhy closely misses you. The sixfirhy hits you.
* * * LOW HITPOINT WARNING * * *
The sixfirhy shocks you!
You die...
Xom chuckles heartily!

#######)).....###
#........).........
#.########.######## #.
#.# #. #.# #. ##.## #5
+#...#+
#.#5######.....####
#...@5.[............
#...x3###...........##
#...... ##....#....##
#..#.#. ##.......## #.
#... +.......+ # # ..
#.......# ...
....#.... ...
#..##+##..#


You could see a sixfirhy (summoned), an unseen horror (invisible), an iron imp
(summoned) and 2 shadow imps.

Vanquished Creatures
  A black bear (D:4)
  An ogre (D:4)
  2 water moccasin skeletons (D:5)
  A hound (D:5)
  An iguana (D:4)
  A bullfrog skeleton (D:4)
  A centaur skeleton (D:5)
  Jessica (D:3)
  A gnoll shaman (D:5)
  Terence (D:3)
  A hound skeleton (D:4)
  3 gnolls (D:5)
  5 adders
  An adder skeleton (D:4)
  A worm (D:3)
  A dart slug (D:5)
  3 orcs
  9 ball pythons
  4 endoplasms
  3 giant cockroaches
  4 goblins
  8 hobgoblins
  2 jackals (D:2)
  3 bats
  A frilled lizard (D:3)
  5 kobolds
  7 rats
72 creatures vanquished.

Vanquished Creatures (collateral kills)
  An orc priest (D:5)
  2 gnolls (D:5)
  3 orcs (D:5)
6 creatures vanquished.

Vanquished Creatures (others)
  17 fungi (D:5)
17 creatures vanquished.

Grand Total: 95 creatures vanquished

Notes
Turn   | Place    | Note
-------+----------+-------------------------------------------
     0 | D:1      | orcwave the Minotaur Gladiator began the quest for the Orb.
     0 | D:1      | Reached XP level 1. HP: 18/18 MP: 0/0
   289 | D:1      | Reached XP level 2. HP: 20/25 MP: 1/1
   665 | D:2      | Found a faded altar of an unknown god.
   704 | D:2      | Reached XP level 3. HP: 30/30 MP: 2/2
  1070 | D:3      | Upgraded the game from 0.28-a0-595-g9f6c0e134a to
                  | 0.28-a0-631-g0446da8ef9
  1076 | D:3      | Reached skill level 1 in Armour
  1076 | D:3      | Reached XP level 4. HP: 6/37 MP: 3/3
  1084 | D:3      | Noticed Jessica
  1090 | D:3      | Killed Jessica
  1249 | D:3      | Noticed Terence
  1257 | D:3      | Killed Terence
  1258 | D:3      | Reached skill level 1 in Maces & Flails
  1348 | D:3      | Found a shimmering altar of Xom.
  1380 | D:3      | Became a worshipper of Xom the Begetter of Turbulence
  1488 | D:4      | Found an ornate altar of the Wu Jian Council.
  1499 | D:4      | Found a hazy altar of Hepliaklqana.
  1506 | D:4      | Reached XP level 5. HP: 45/45 MP: 4/4
  1643 | D:4      | Noticed an ogre
  1647 | D:4      | XOM: cast spell 'Leda's Liquefaction'
  1650 | D:4      | Killed an ogre
  1684 | D:4      | Reached XP level 6. HP: 35/51 MP: 5/5
  2023 | D:4      | XOM: cloud trail
  2146 | D:5      | Entered Level 5 of the Dungeon
  2268 | D:5      | XOM: 3-stop teleportation journey
  2348 | D:5      | Found an ancient bone altar of Kikubaaqudgha.
  2367 | D:5      | Reached XP level 7. HP: 55/59 MP: 6/6
  2425 | D:5      | XOM: cast spell 'Alistair's Intoxication'
  2476 | D:5      | Noticed an unseen horror
  2476 | D:5      | XOM: summons 4 hostile demons
  2477 | D:5      | Noticed a sixfirhy
  2483 | D:5      | Slain by a sixfirhy

Illustrated notes

Levels and vault maps discovered:
D:1:      mrwooster_arrival_statue, layout_basic, minmay_pentomino_w4
D:2:      layout_loops_cross, shapermc_ecumenical_altar_petra,
          grunt_ministairs_1, hangedman_glass_teeth
D:3:      layout_rooms, mainiacjoe_overflow_paths, serial_shops,
          nicolae_shop_waterfront, eino_curves_02, uniq_jessica, uniq_terence
D:4:      layout_basic, mainiacjoe_overflow_large_starburst, serial_curves,
          eino_curves_01, eino_curves_04, eino_curves_01,
          kennysheep_decorative_pillar
D:5:      layout_loops_cross, mainiacjoe_overflow_cross_hatched,
          minmay_pentangle

Skill      XL: |  1  2  3  4  5  6 |
---------------+-------------------+-----
Axes           | 4 |  4.7
Dodging        | 4 |  4.9
Armour         | 1 2 3 4 |  4.5
Fighting       | 3 4 |  4.2
Maces & Flails | 1 3 4 |  4.9
Throwing       | |  2.0
Stealth        | |  0.8

Action                   |  1- 3 |  4- 6 |  7- 9 || total
-------------------------+-------+-------+-------++-------
Melee: War axe           |    16 |       |       ||    16
       Headbutt          |    10 |    21 |     5 ||    36
       Mace              |    58 |    75 |    21 ||   154
  Use: Scroll            |     6 |     1 |       ||     7
Armor: Leather armour    |    20 |     1 |       ||    21
       Scale mail        |       |    31 |    12 ||    43
       Ring mail         |       |     2 |       ||     2
Dodge: Dodged            |    51 |    56 |    17 ||   124

Table legend: (Time is in decaauts)
 A = Elapsed time spent in this place.
 B = Non-inter-level travel time spent in this place.
 C = Inter-level travel time spent in this place.
 D = Time resting spent in this place.
 E = Time spent auto-exploring this place.
 F = Levels seen in this place.
 G = Mean time per level.
                   A        B        C        D        E       F      G
               +--------+--------+--------+--------+--------+-----+--------+
         Total |   2518 |   2518 |      0 |      8 |      0 |   5 |  503.6 |
       Dungeon |   2518 |   2518 |      0 |      8 |      0 |   5 |  503.6 |
               +--------+--------+--------+--------+--------+-----+--------+

Top non-repeatable levels by time:
     D:4: 671 daAuts
     D:1: 551 daAuts
     D:2: 535 daAuts
     D:3: 418 daAuts
     D:5: 341 daAuts
